 Dungeon Crawl Stone Soup version 0.23.2-33-g5129a83184 (webtiles) character file.

Game seed: 16580035527199978932

682 troglodite the Charmwright (level 7, -1/56 HPs)
             Began as a Gnoll Skald on July 23, 2019.
             Killed by divine providence
             ... invoked by an orc priest
              (9 damage)
             ... on level 3 of the Dungeon.
             The game lasted 00:13:33 (3141 turns).

troglodite the Charmwright (Gnoll Skald)            Turns: 3141, Time: 00:13:34

Health: -1/56      AC:  8    Str: 14    XL:     7   Next: 61%
Magic:  13/15      EV: 12    Int: 15    God:
Gold:   162        SH:  0    Dex: 16    Spells: 10/17 levels left

rFire    + . .     SeeInvis +   m - +0 trident
rCold    x . .     Gourm    .   (no shield)
rNeg     . . .     Faith    .   h - +0 scale mail
rPois    .         Spirit   .   (no helmet)
rElec    .         Reflect  .   (no cloak)
rCorr    .         Harm     .   f - +0 pair of gloves
MR       .....                  (no boots)
Stlth    +.........             (no amulet)
HPRegen  0.18/turn              e - ring of see invisible
MPRegen  0.14/turn              b - ring of fire

@: no status effects
A: distributed training, fangs 1, strong nose
a: no special abilities


You were on level 3 of the Dungeon.
You were hungry.

You visited 1 branch of the dungeon, and saw 3 of its levels.
You also visited: Sewer.

You collected 162 gold pieces.

Inventory:

Hand Weapons
 m - a +0 trident (weapon)
Missiles
 i - 3 javelins (quivered)
Armour
 f - a +0 pair of gloves (worn)
 h - a +0 scale mail (worn)
Jewellery
 b - a ring of fire (right hand)
 e - a ring of see invisible (left hand)
Scrolls
 c - 5 scrolls of identify {unknown}
 k - a scroll of teleportation {unknown}
 l - a scroll of amnesia {unknown}
 q - a scroll of remove curse {unknown}
 s - a scroll of blinking {unknown}
 t - a scroll of enchant armour {unknown}
Potions
 a - a potion of berserk rage {unknown}
 g - a potion of flight {unknown}
 j - 2 potions of heal wounds
 o - a potion of cancellation {unknown}
 p - a potion of mutation {unknown}
 r - a potion of haste {unknown}
Comestibles
 d - 2 rations
 n - 4 chunks of flesh


   Skills:
 + Level 5.2 Fighting
 + Level 2.5 Short Blades
 + Level 2.5 Long Blades
 + Level 2.5 Axes
 + Level 2.5 Maces & Flails
 + Level 5.2 Polearms
 + Level 2.5 Staves
 + Level 2.5 Slings
 + Level 2.5 Bows
 + Level 2.5 Crossbows
 + Level 2.5 Throwing
 + Level 3.6 Armour
 + Level 5.2 Dodging
 + Level 2.5 Stealth
 + Level 2.5 Shields
 + Level 2.5 Unarmed Combat
 + Level 5.6 Spellcasting
 + Level 2.0 Conjurations
 + Level 2.0 Hexes
 + Level 5.8 Charms
 + Level 2.0 Summonings
 + Level 2.0 Necromancy
 + Level 2.0 Translocations
 + Level 2.0 Transmutations
 + Level 2.0 Fire Magic
 + Level 2.0 Ice Magic
 + Level 2.0 Air Magic
 + Level 2.0 Earth Magic
 + Level 2.0 Poison Magic
 + Level 2.8 Invocations
 + Level 2.5 Evocations


You had 10 spell levels left.
You knew the following spells:

 Your Spells              Type           Power        Failure   Level  Hunger
a - Infusion              Chrm           ###.         5%          1    None
b - Spectral Weapon       Hex/Chrm       ###.....     36%         3    ###....
c - Regeneration          Chrm/Necr      ###.......   36%         3    ###....

Your spell library contained the following spells:

 Spells                   Type           Power        Failure   Level  Hunger
 Song of Slaying          Chrm           ###.....     9%          2    #......
 Shroud of Golubria       Chrm/Tloc      ###.......   19%         2    #......


Dungeon Overview and Level Annotations

Branches:
Dungeon (3/15)

Altars:
Gozag


Innate Abilities, Weirdness & Mutations

Your experience applies equally to all skills.
You have very sharp teeth.
Your uncanny sense of smell can sniff out nearby items.


Message History

The orc priest mumbles some strange prayers to Beogh against you.
You struggle to resist.
The orc hits you but does no damage. The orc barely misses you.
You hit the orc priest.
The orc priest is lightly wounded.
Your spectral weapon hits the orc priest!
The orc misses you. The orc hits you but does no damage.
The orc priest calls down the wrath of Beogh upon you.
Beogh smites you!
* * * LOW HITPOINT WARNING * * *
You hit the orc priest.
The orc priest is almost dead.
Your spectral weapon hits the orc priest.
You kill the orc priest!
The orc hits you with a cursed -2 hand axe.
* * * LOW HITPOINT WARNING * * *
The orc misses you.
The orc priest mumbles some strange prayers to Beogh against you.
Beogh smites you!
You die...

#
########...####.##......
# #........# ..### #
#...#####.. .# # #...#
(# .. # #####.^.# ###.#
... #.. .....###...###.#
. # #.# #........#......
#####.###.#.....oo..#
....#.......!...@o..#
###.#.##..#.###.(#..#.
.##.#.##..#...=.......#
................##.####
#.#.#.#####.##### ...
#.#.#.......# ###
....#######.# #.### ....
#.# ∆.....#


You could see an orc priest, 2 orcs and a friendly spectral +0 trident.

Vanquished Creatures
  Sigmund (D:2)
  2 bullfrogs (Sewer)
  3 orc priests (D:3)
  Terence (D:2)
  An orc wizard (D:3)
  8 adders
  18 oozes
  3 worms
  A dart slug (D:1)
  7 leopard geckos
  2 orcs (D:3)
  4 bats
  15 giant cockroaches
  7 goblins
  5 hobgoblins
  6 jackals
  4 kobolds (D:1)
  2 quokkas
  7 ball pythons
  12 frilled lizards
  5 rats
114 creatures vanquished.

Vanquished Creatures (others)
  A spectral weapon (Sewer)
1 creature vanquished.

Grand Total: 115 creatures vanquished

Notes
Turn   | Place    | Note
-------+----------+-------------------------------------------
     0 | D:1      | troglodite the Gnoll Skald began the quest for the Orb.
     0 | D:1      | Reached XP level 1. HP: 20/20 MP: 6/6
   134 | D:1      | Reached XP level 2. HP: 24/26 MP: 7/7
   327 | D:1      | Reached XP level 3. HP: 24/31 MP: 9/9
   349 | D:1      | Learned a level 3 spell: Spectral Weapon
   353 | D:1      | Learned a level 3 spell: Regeneration
   395 | D:1      | Reached skill level 5 in Spellcasting
   592 | D:2      | Noticed Terence
   646 | D:2      | Killed Terence
   646 | D:2      | Reached skill level 1 in Short Blades
   646 | D:2      | Reached skill level 1 in Long Blades
   646 | D:2      | Reached skill level 1 in Axes
   646 | D:2      | Reached skill level 1 in Maces & Flails
   646 | D:2      | Reached skill level 1 in Staves
   646 | D:2      | Reached skill level 1 in Slings
   646 | D:2      | Reached skill level 1 in Bows
   646 | D:2      | Reached skill level 1 in Crossbows
   646 | D:2      | Reached skill level 1 in Throwing
   646 | D:2      | Reached skill level 1 in Stealth
   646 | D:2      | Reached skill level 1 in Shields
   646 | D:2      | Reached skill level 1 in Unarmed Combat
   646 | D:2      | Reached skill level 1 in Invocations
   646 | D:2      | Reached skill level 1 in Evocations
   646 | D:2      | Reached XP level 4. HP: 22/38 MP: 2/11
   862 | D:2      | Noticed Sigmund
   887 | D:2      | Killed Sigmund
   887 | D:2      | Reached skill level 1 in Conjurations
   887 | D:2      | Reached skill level 1 in Hexes
   887 | D:2      | Reached skill level 1 in Summonings
   887 | D:2      | Reached skill level 1 in Necromancy
   887 | D:2      | Reached skill level 1 in Translocations
   887 | D:2      | Reached skill level 1 in Transmutations
   887 | D:2      | Reached skill level 1 in Fire Magic
   887 | D:2      | Reached skill level 1 in Ice Magic
   887 | D:2      | Reached skill level 1 in Air Magic
   887 | D:2      | Reached skill level 1 in Earth Magic
   887 | D:2      | Reached skill level 1 in Poison Magic
   887 | D:2      | Reached XP level 5. HP: 21/43 MP: 4/12
   887 | D:2      | Reached XP level 6. HP: 25/50 MP: 4/13
  1223 | D:2      | Found an opulent altar of Gozag.
  1769 | D:3      | Found a glowing drain.
  1782 | Sewer    | Entered a sewer
  2072 | Sewer    | Reached skill level 5 in Fighting
  2072 | Sewer    | Reached skill level 5 in Polearms
  2072 | Sewer    | Reached skill level 5 in Dodging
  2492 | Sewer    | Reached XP level 7. HP: 32/56 MP: 8/15
  3141 | D:3      | Killed from afar by an orc priest

Skill      XL: |  1  2  3  4  5  6  7 |
---------------+----------------------+-----
Spellcasting   | 5 |  5.6
Short Blades   | 1 2 |  2.5
Long Blades    | 1 2 |  2.5
Axes           | 1 2 |  2.5
Maces & Flails | 1 2 |  2.5
Staves         | 1 2 |  2.5
Slings         | 1 2 |  2.5
Bows           | 1 2 |  2.5
Crossbows      | 1 2 |  2.5
Throwing       | 1 2 |  2.5
Stealth        | 1 2 |  2.5
Shields        | 1 2 |  2.5
Unarmed Combat | 1 2 |  2.5
Invocations    | 1 2 |  2.8
Evocations     | 1 2 |  2.5
Armour         | 3 |  3.6
Conjurations   | 1 2 |  2.0
Hexes          | 1 2 |  2.0
Summonings     | 1 2 |  2.0
Necromancy     | 1 2 |  2.0
Translocations | 1 2 |  2.0
Transmutations | 1 2 |  2.0
Fire Magic     | 1 2 |  2.0
Ice Magic      | 1 2 |  2.0
Air Magic      | 1 2 |  2.0
Earth Magic    | 1 2 |  2.0
Poison Magic   | 1 2 |  2.0
Fighting       | 5 |  5.2
Polearms       | 5 |  5.2
Dodging        | 5 |  5.2
Charms         | |  5.8

Action                   |  1- 3 |  4- 6 |  7- 9 || total
-------------------------+-------+-------+-------++-------
Melee: Spear             |   124 |    48 |       ||   172
       Bite              |    12 |    25 |    11 ||    48
       Trident           |       |   199 |    60 ||   259
       Punch             |       |     2 |     1 ||     3
 Cast: Spectral Weapon   |     1 |     6 |     3 ||    10
       Regeneration      |       |     1 |     1 ||     2
  Use: Potion            |       |     1 |       ||     1
 Stab: Distracted        |       |       |     2 ||     2
  Eat: Chunk             |       |     6 |     3 ||     9
Armor: Scale mail        |    34 |   104 |    30 ||   168
       Leather armour    |     2 |       |       ||     2
Dodge: Dodged            |    61 |   185 |    89 ||   335
